 Dungeon Crawl Stone Soup version 0.29-a0-723-gce39da1c22 (webtiles) character file.

Game seed: 7472775932060847643

20 Mgcat the Trooper (level 2, 0/32 HPs)
             Began as an Ogre Fighter on June 28, 2022.
             Slain by a kobold
             ... wielding a +2 short sword of distortion
              (5 damage)
             ... on level 1 of the Dungeon.
             The game lasted 00:01:19 (628 turns).

Mgcat the Trooper (Ogre Fighter)                     Turns: 628, Time: 00:01:20

Health: 0/32       AC:  3    Str: 19    XL:     2   Next: 79%
Magic:  2/2        EV:  8    Int:  9    God:
Gold:   73         SH:  7    Dex:  8    Spells: 1/1 levels left

rFire   . . .      SeeInvis .   a - +0 war axe
rCold   . . .      Faith    .   c - +0 kite shield
rNeg    . . .      Spirit   .   b - +0 robe
rPois   .          Reflect  .   (helmet restricted)
rElec   .          Harm     .   (no cloak)
rCorr   .          Rampage  .   (gloves unavailable)
Will    .....                   (boots unavailable)
Stlth   +.........              (no amulet)
HPRegen 0.10/turn               (no ring)
MPRegen 0.08/turn               (no ring)

@: no status effects
A: large, unfitting armour, tough skin 1
a: no special abilities


You were on level 1 of the Dungeon.
You visited 1 branch of the dungeon, and saw 1 of its levels.

You collected 73 gold pieces.

Inventory:

Hand Weapons
 a - a +0 war axe (weapon)
Armour
 b - a +0 robe (worn)
 c - a +0 kite shield (worn)
Jewellery
 j - a ring of ice {rC+, rF-}
   (You found it on level 1 of the Dungeon)
Scrolls
 f - a scroll of blinking {unknown}
 h - 2 scrolls of identify {unknown}
 i - 3 scrolls of noise {unknown}
 k - 2 scrolls of amnesia {unknown}
 l - a scroll of teleportation {unknown}
 m - 2 scrolls of enchant weapon {unknown}
Potions
 d - a potion of might
 e - a potion of haste {unknown}
 g - 3 potions of curing {unknown}


   Skills:
 + Level 4.2 Fighting
 * Level 2.5 Axes
 + Level 2.9 Dodging
 + Level 3.2 Shields


You had one spell level left.
You didn't know any spells.
Your spell library was empty.

Dungeon Overview and Level Annotations

Branches:
Dungeon (1/15)

Altars:


Innate Abilities, Weirdness & Mutations

You are too large for most types of armour.
You have tough skin. (AC +1)


Message History

You closely miss the goblin. The goblin completely misses you.
The goblin hits you with a +0 club.
You take 1 damage, and have 31/32 hp.
You closely miss the goblin. The goblin hits you with a +0 club.
You take 4 damage, and have 27/32 hp.
You barely miss the goblin. You block the goblin's attack.
The goblin hits you with a +0 club.
You take 3 damage, and have 24/32 hp.
You are too injured to fight recklessly!
You are too injured to fight recklessly!
You are too injured to fight recklessly!
You slash the goblin!
You kill the goblin!
You see here a +0 club.
A quokka comes into view.
You regained 3 hp, and now have 27/32 hp.
You block the quokka's attack. The quokka closely misses you.
You hit the quokka.
You kill the quokka!
No target in view!
No target in view!
You see here a quokka corpse. 2 jackals come into view.
Found a stone staircase leading down.
The jackal barks!
You hear a bark!
The jackal barks!
Health restored: 32 Warning x2: The jackal is fast! x2
A jackal comes into view.
Warning x3: The jackal is fast! x3
You slash the jackal!
You kill the jackal!
You closely miss the jackal. The jackal bites you.
A frilled lizard comes into view.
You take 1 damage, and have 31/32 hp.
Warning x2: The jackal is fast! x2
The frilled lizard hisses angrily.
You slash the jackal!
You kill the jackal!
You closely miss the jackal. The jackal barely misses you.
The jackal bites you but does no damage.
You slash the jackal!
You kill the jackal!
You barely miss the frilled lizard.
The frilled lizard bites you but does no damage.
Health restored: 32 You closely miss the frilled lizard.
The frilled lizard barely misses you. You block the frilled lizard's attack.
You barely miss the frilled lizard. The frilled lizard barely misses you.
You barely miss the frilled lizard. The frilled lizard closely misses you.
The frilled lizard barely misses you.
You barely miss the frilled lizard. The frilled lizard bites you.
You take 1 damage, and have 31/32 hp.
You slash the frilled lizard!
You kill the frilled lizard!
No target in view!
No target in view!
You see here a jackal corpse.
You see here a +0 short sword.
You open the door.
There is an open door here.
There is a stone staircase leading down here.
A kobold and a rat come into view.
The kobold is wielding a +2 short sword of distortion.
The kobold shouts!
Health restored: 32 The kobold hits you but does no damage.
You blink.
The rat closely misses you.
You closely miss the kobold. You slash the rat!
You kill the rat!
The kobold hits you but does no damage.
You blink.
You barely miss the kobold.
The kobold hits you with a +2 short sword of distortion.
Space warps around you. You block the kobold's attack.
You take 11 damage, and have 21/32 hp.
MASSIVE DAMAGE!!
You are too injured to fight recklessly!
You are too injured to fight recklessly!
You are too injured to fight recklessly!
You are too injured to fight recklessly!
You closely miss the kobold. You block the kobold's attack.
You closely miss the kobold. The kobold barely misses you.
The kobold hits you with a +2 short sword of distortion.
Space warps around you.
You take 7 damage, and have 14/32 hp.
MASSIVE DAMAGE!!
You closely miss the kobold. You block the kobold's attack.
You miss the kobold. The kobold barely misses you. x2
You closely miss the kobold. The kobold closely misses you.
You block the kobold's attack.
You closely miss the kobold.
The kobold hits you with a +2 short sword of distortion.
You take 1 damage, and have 14/32 hp.
You closely miss the kobold. The kobold barely misses you.
The kobold hits you with a +2 short sword of distortion.
* * * LOW HITPOINT WARNING * * *
Space warps around you.
* * * LOW HITPOINT WARNING * * *
You take 9 damage, and have 5/32 hp.
MASSIVE DAMAGE!!
You barely miss the kobold. The kobold closely misses you.
You closely miss the kobold.
The kobold hits you with a +2 short sword of distortion.
You die...

#.#####.)......
#.#####........
#>...††.......#
#.####........# #.#
#.########
#######.####..######
#..........##.#....#
#..........##......#
#...@......###.....#
#...K......###.†...#
#...†......+..#....#
#..........##.#....#
#(.........##.#....#
#..........##.##..##
#..........##.###.#
#############.....##
####...#


You could see a kobold.

Vanquished Creatures
  4 endoplasms (D:1)
  A giant cockroach (D:1)
  2 goblins (D:1)
  3 jackals (D:1)
  A quokka (D:1)
  A ball python (D:1)
  A bat (D:1)
  2 frilled lizards (D:1)
  3 rats (D:1)
18 creatures vanquished.

Notes
Turn   | Place    | Note
-------+----------+-------------------------------------------
     0 | D:1      | Mgcat the Ogre Fighter began the quest for the Orb.
     0 | D:1      | Reached XP level 1. HP: 24/24 MP: 1/1
   117 | D:1      | Reached XP level 2. HP: 19/32 MP: 2/2
   120 | D:1      | Found a faded altar of an unknown god.
   626 | D:1      | HP: 8/32 [kobold/+2 short sword of distortion (6)]
   628 | D:1      | Slain by a kobold

Illustrated notes

Levels and vault maps discovered:
D:1:      minmay_arrival_split_and_join, layout_basic,
          hellmonk_ecumenical_altar_lost_god

Action                   || total
-------------------------++-------
Melee: War axe           ||    48
Armor: Robe              ||    12
Dodge: Dodged            ||    25
Block: Kite shield       ||    10

Table legend: (Time is in decaauts)
 A = Elapsed time spent in this place.
 B = Non-inter-level travel time spent in this place.
 C = Inter-level travel time spent in this place.
 D = Time resting spent in this place.
 E = Time spent auto-exploring this place.
 F = Levels seen in this place.
 G = Mean time per level.
                   A        B        C        D        E       F      G
               +--------+--------+--------+--------+--------+-----+--------+
         Total |    652 |    652 |      0 |    162 |    364 |   1 |  652.0 |
       Dungeon |    652 |    652 |      0 |    162 |    364 |   1 |  652.0 |
               +--------+--------+--------+--------+--------+-----+--------+

Top non-repeatable levels by time:
     D:1: 652 daAuts

Table legend:
 A = Kills in this place as a percentage of kills in entire the game.
 B = Kills by you in this place as a percentage of kills by you in the entire game.
 C = Kills by friends in this place as a percentage of kills by friends in the entire game.
 D = Other kills in this place as a percentage of other kills in the entire game.
 E = Experience gained in this place as a percentage of experience gained in the entire game.
 F = Experience gained in this place divided by the number of levels of this place that you have seen.
                   A       B       C       D       E      F
               +-------+-------+-------+-------+-------+----------------------
         Total | 100.0 | 100.0 |   N/A |   N/A | 100.0 |  29.0
       Dungeon | 100.0 | 100.0 |   N/A |   N/A | 100.0 |  29.0
               +-------+-------+-------+-------+-------+----------------------
